Map: 베를린그라드 - 래더

Players

cyan

  • Race: Protoss Protoss
  • League: Grandmaster

DPGRogue (Rogue) - Winner!

  • Race: Zerg Zerg

Event: DreamHack SC2 Masters Last Chance 2022

VOD

Have the link to the VOD?

Description

Time

  • Played on: Dec. 15, 2021, 4:43 a.m.
  • Length: 5:40

All games in this series

Show
View Real Time Build Order
Export as new Build Order

cyan Protoss 

Build Orders: 1 Gate Expand 

Get SALT Encoding   

  12  0:00  Probe  
  13  0:12  Probe  
  14  0:18  Pylon  
  14  0:24  Probe (Chrono Boost)  
  15  0:36  Probe (Chrono Boost)  
  15  0:38  Gateway  
  16  0:45  Probe (Chrono Boost)  
  16  0:48  Assimilator  
  17  0:51  Probe  
  18  1:03  Probe  
  19  1:15  Probe  
  20  1:24  Nexus  
  20  1:34  Cybernetics Core  
  20  1:37  Probe  
  21  1:42  Assimilator  
  21  1:49  Probe  
  21  1:52  Pylon  
  23  2:01  Probe  
  23  2:11  Adept, Warp Gate  
  23  2:13  Probe (Chrono Boost)  
  26  2:22  Probe (Chrono Boost)  
  27  2:24  Stargate  
  27  2:27  Probe (Chrono Boost)  
  28  2:38  Probe (Chrono Boost)  
  28  2:41  Adept, Probe (Chrono Boost)  
  32  2:46  Probe (Chrono Boost)  
  32  2:47  Probe (Chrono Boost)  
  34  2:52  Probe (Chrono Boost)  
  34  2:55  Gateway  
  34  2:56  Probe  
  36  3:00  Void Ray (Chrono Boost)  
  36  3:03  Probe  
  37  3:10  Probe  
  42  3:16  Probe  
  42  3:18  Twilight Council  
  43  3:24  Pylon  
  44  3:28  Zealot  
  44  3:32  Probe  
  44  3:33  Gateway  
  46  3:39  Gateway  
  30  3:59  Pylon  
  30  4:01  Adept  
  32  4:06  Adept  
  30  4:22  Zealot  
  32  4:27  Adept  
  33  4:33  Shield Battery  
  33  4:34  Adept  
  29  4:44  Probe x2  
  29  4:45  Adept  
  27  4:53  Adept  
  27  5:04  Adept  
  29  5:10  Pylon  
  29  5:17  Probe  
  24  5:22  Zealot  
  26  5:31  Cybernetics Core  
Show
View Real Time Build Order
Export as new Build Order

DPGRogue Zerg - Winner!

Build Orders: Hatch First 

Get SALT Encoding   

  12  0:00  Drone  
  13  0:12  Overlord  
  13  0:16  Drone  
  14  0:30  Drone x2  
  16  0:46  Hatchery  
  15  0:50  Drone  
  15  0:54  Drone  
  17  0:57  Drone  
  18  1:08  Extractor  
  17  1:12  Spawning Pool  
  17  1:16  Drone  
  17  1:19  Drone  
  18  1:28  Drone  
  19  1:38  Drone  
  20  1:49  Overlord  
  20  1:58  Queen  
  20  1:59  Queen  
  20  2:00  Zergling x4  
  26  2:11  Drone x2, Metabolic Boost  
  28  2:21  Drone x2  
  30  2:37  Hatchery  
  29  2:40  Overlord  
  29  2:47  Zergling x6  
  32  2:56  Zergling x4  
  34  3:07  Zergling x2  
  34  3:08  Zergling x14  
  42  3:16  Overlord  
  42  3:19  Zergling x2  
  43  3:27  Zergling x2  
  43  3:43  Zergling x12  
  46  3:48  Zergling x2  
  46  3:49  Zergling x2  
  46  3:50  Zergling x4  
  46  3:54  Zergling x2  
  48  3:57  Zergling x2  
  48  3:59  Zergling x2  
  50  4:04  Zergling x2  
  50  4:08  Zergling x2  
  49  4:11  Zergling x2  
  49  4:14  Zergling x2  
  49  4:15  Zergling x2  
  50  4:17  Zergling x2  
  50  4:20  Zergling x2  
  49  4:25  Zergling x4  
  49  4:26  Zergling x2  
  50  4:31  Zergling x4  
  50  4:36  Zergling x2  
  50  4:37  Zergling x2  
  51  4:39  Zergling x2  
  51  4:45  Zergling x4  
  51  4:50  Zergling x6  
  51  4:52  Zergling x2  
  51  4:53  Zergling x2  
  51  4:55  Zergling x2  
  51  4:57  Zergling x2  
  48  5:02  Zergling x2  
  48  5:03  Zergling x2  
  50  5:08  Zergling x6  
  50  5:12  Zergling x2  
  53  5:15  Zergling x2  
  53  5:17  Zergling x2  
  53  5:18  Zergling x2  

Tags
 
Add a new tag
Caveats
  • Supply blocks, unpowered buildings, or Contaminate may cause inaccurate times.
  • Supply counts are checked every 10 seconds.